 Dungeon Crawl Stone Soup version 0.23.0 (webtiles) character file.

Game seed: 14753855031045165612

91 farkougg the Ruffian (level 4, -2/36 HPs)
             Began as a Ghoul Warper on Feb 12, 2019.
             Killed by divine providence
             ... invoked by an orc priest
              (13 damage)
             ... on level 4 of the Dungeon.
             The game lasted 00:12:01 (1831 turns).

farkougg the Ruffian (Ghoul Warper)                 Turns: 1831, Time: 00:12:02

Health: -2/36      AC:  7    Str: 14    XL:     4   Next: 57%
Magic:  5/5        EV: 12    Int:  9    God:
Gold:   132        SH:  0    Dex:  8    Spells: 4/6 levels left

rFire    . . .     SeeInvis .     - Unarmed
rCold    + + .     Gourm    .   (no shield)
rNeg     + + +     Faith    .   h - +2 leather armour {rPois}
rPois    ∞         Spirit   .   p - +0 helmet
rElec    .         Reflect  .   (no cloak)
rCorr    .         Harm     .   (no gloves)
MR       .....                  w - +0 pair of boots
Stlth    +.........             (no amulet)
HPRegen  0.00/turn              r - ring of protection from cold
MPRegen  0.09/turn              (no ring)

@: rotting
A: rotting body, claws 1, carnivore, cold resistance 1, negative energy
resistance 3, inhibited regeneration, torment resistance, unbreathing
a: no special abilities


You were on level 4 of the Dungeon.
You were not hungry.

You visited 1 branch of the dungeon, and saw 4 of its levels.

You collected 132 gold pieces.

Inventory:

Hand Weapons
 o - a +0 dagger of venom
Missiles
 b - 14 poisoned needles
 d - 4 tomahawks of dispersal (quivered)
Armour
 h - a +2 leather armour of poison resistance (worn)
 p - a +0 helmet (worn)
 w - a +0 pair of boots (worn)
Jewellery
 r - a ring of protection from cold (left claw)
Scrolls
 c - a scroll of blinking
 e - 2 scrolls of remove curse {unknown}
 g - 3 scrolls of identify {unknown}
 j - a scroll of noise {unknown}
 k - a scroll of magic mapping {unknown}
 n - a scroll of enchant weapon {unknown}
 q - a scroll of teleportation {unknown}
Potions
 a - 2 potions of flight {unknown}
 i - a potion of resistance {unknown}
 l - 4 potions of mutation {unknown}
 m - a potion of brilliance {unknown}
 s - 2 potions of curing {unknown}
 t - a potion of invisibility {unknown}
 u - a potion of haste {unknown}
Comestibles
 f - 3 rations


   Skills:
 - Level 2.1 Fighting
 - Level 0.8 Throwing
 - Level 1.0 Armour
 + Level 2.7 Dodging
 * Level 4.3 Unarmed Combat
 - Level 1.8 Spellcasting
 + Level 2.6 Translocations


You had 4 spell levels left.
You knew the following spells:

 Your Spells              Type           Power        Failure   Level  Hunger
a - Blink                 Tloc           N/A          22%         2    ###....

Your spell library contained the following spells:

 Spells                   Type           Power        Failure   Level  Hunger
 Shroud of Golubria       Chrm/Tloc      #.........   36%         2    ###....
 Gell's Gravitas          Tloc           #.........   38%         3    ####...
 Lesser Beckoning         Tloc           #.........   38%         3    ####...
 Teleport Other           Tloc           #.......     38%         3    ####...
 Passage of Golubria      Tloc           N/A          80%         4    #####..


Dungeon Overview and Level Annotations

Branches:
Dungeon (4/15)
 Temple: D:4-7

Altars:
Trog


Innate Abilities, Weirdness & Mutations

Your body is rotting away.
You thrive on raw meat.
You are immune to poison.
You have sharp fingernails.
You are carnivorous and can eat meat at any time.
Your flesh is cold resistant. (rC+)
You are immune to negative energy. (rN+++)
You do not regenerate when monsters are visible.
You are immune to unholy pain and torment.
You can survive without breathing.


Message History

You closely miss the orc priest.
The orc priest hits you with a +0 short sword.
The worker ant closely misses you.
You completely miss the orc priest.
An orc comes into view.
The worker ant bites you.
The orc priest hits you but does no damage.
You closely miss the orc priest. The worker ant closely misses you.
An orc comes into view. It is wielding a +0 whip.
The orc priest hits you with a +0 short sword!
* * * LOW HITPOINT WARNING * * *
Eat a chunk of flesh? (ye/n/q)
You eat the chunk of flesh.
This raw flesh tastes great!
The worker ant barely misses you.
The orc priest hits you but does no damage.
You scratch the orc priest but do no damage.
The worker ant barely misses you.
The orc priest mumbles some strange prayers to Beogh against you.
Beogh smites you!
You die...

..##.##########
...o.oo@......#
.##...a...<...#
#...........#
##..........#
############


You could see a worker ant, an orc priest and 2 orcs.

Vanquished Creatures
  3 adders (D:2)
  2 worms (D:2)
  A dart slug (D:1)
  A leopard gecko (D:2)
  An orc (D:3)
  16 goblins
  5 hobgoblins
  4 jackals (D:2)
  A quokka (D:2)
  2 ball pythons
  5 bats
  7 frilled lizards
  5 kobolds
  3 rats
56 creatures vanquished.

Notes
Turn   | Place    | Note
-------+----------+-------------------------------------------
     0 | D:1      | farkougg the Ghoul Warper began the quest for the Orb.
     0 | D:1      | Reached XP level 1. HP: 17/17 MP: 2/2
    70 | D:1      | Reached skill level 1 in Armour
   282 | D:1      | Reached XP level 2. HP: 16/24 MP: 3/3
   662 | D:1      | Reached skill level 3 in Unarmed Combat
   754 | D:2      | Reached XP level 3. HP: 29/29 MP: 4/4
   823 | D:2      | Found a bloodstained altar of Trog.
   944 | D:2      | Reached XP level 4. HP: 26/36 MP: 5/5
   999 | D:2      | Reached skill level 4 in Unarmed Combat
  1361 | D:3      | Noticed an ogre
  1670 | D:3      | Learned a level 2 spell: Blink
  1680 | D:4      | Noticed an ogre
  1831 | D:4      | Killed from afar by an orc priest

Skill      XL: |  1  2  3  4 |
---------------+-------------+-----
Armour         | 1 |  1.0
Dodging        | 2 |  2.7
Unarmed Combat | 3 4 |  4.3
Fighting       | |  2.1
Throwing       | |  0.8
Spellcasting   | |  1.8
Translocations | |  2.6

Action                   |  1- 3 |  4- 6 || total
-------------------------+-------+-------++-------
Melee: Unarmed           |    99 |    92 ||   191
       Punch             |     1 |       ||     1
Throw: Tomahawk          |       |     1 ||     1
 Cast: Blink             |       |     1 ||     1
  Eat: Chunk             |     4 |     8 ||    12
Armor: Leather armour    |    29 |    24 ||    53
Dodge: Dodged            |    50 |    49 ||    99
